 Dungeon Crawl Stone Soup version 0.28.0-45-g0d030f2227 (webtiles) character file.

Game seed: 3230414725975125506

25 Icepheonix32 the Skirmisher (level 2, -2/24 HPs)
             Began as a Demonspawn Fighter on Apr 6, 2022.
             Slain by Sigmund
             ... wielding a +2 scythe of flaming
              (8 damage)
             ... on level 2 of the Dungeon.
             The game lasted 00:01:43 (1375 turns).

Icepheonix32 the Skirmisher (Demonspawn Fighter)    Turns: 1375, Time: 00:01:43

Health: -2/24      AC:  6    Str: 16    XL:     2   Next: 82%
Magic:  2/2        EV:  7    Int:  9    God:
Gold:   52         SH:  8    Dex: 12    Spells: 1/1 levels left

rFire   . . .      SeeInvis .   a - +0 long sword
rCold   . . .      Faith    .   l - +0 kite shield
rNeg    . . .      Spirit   .   b - +0 scale mail
rPois   .          Reflect  .   (no helmet)
rElec   .          Harm     .   (no cloak)
rCorr   .          Rampage  .   (no gloves)
Will    .....                   (no boots)
Stlth   ..........              (no amulet)
HPRegen 0.08/turn               (no ring)
MPRegen 0.08/turn               (no ring)

@: mighty
A: powered by death 1
a: no special abilities


You were on level 2 of the Dungeon.
You visited 1 branch of the dungeon, and saw 2 of its levels.

You collected 52 gold pieces.

Inventory:

Hand Weapons
 a - a +0 long sword (weapon)
Missiles
 n - 2 throwing nets (quivered)
Armour
 b - a +0 scale mail (worn)
 c - a +0 buckler
 l - a +0 kite shield (worn)
Scrolls
 h - 3 scrolls of immolation {unknown}
 i - a scroll of brand weapon {unknown}
 k - a scroll of teleportation {unknown}
 m - a scroll of blinking {unknown}
Potions
 e - a potion of degeneration {unknown}
 g - a potion of haste {unknown}
 j - a potion of curing {unknown}


   Skills:
 + Level 3.3 Fighting
 - Level 2.0 Long Blades
 + Level 3.0 Armour
 + Level 0.2 Dodging
 + Level 3.0 Shields


You had one spell level left.
You didn't know any spells.
Your spell library was empty.

Dungeon Overview and Level Annotations

Branches:
Dungeon (2/15)

Altars:

Annotations:
D:2 Sigmund


Innate Abilities, Weirdness & Mutations

You regenerate a little health from kills.


Message History

An orc comes into view. It is wielding a +0 flail.
Found 20 stones.
You block the orc's attack.
You slash the orc!
You kill the orc!
Your Armour skill increases to level 3!
Sigmund the Dreaded comes into view.
He is wielding a +2 scythe of flaming.
Found a knobbly diamond ring and 10 arrows.
Sigmund laughs darkly.
Sigmund hits you but does no damage.
Things that are here:
a +0 flail; a +0 ring mail Sigmund hits you from afar with a +2 scythe of flaming!
Sigmund burns you.
Sigmund casts a spell.
Sigmund flickers and vanishes!
Deactivating autopickup; reactivate with Ctrl-A.
It was a potion of heal wounds.
You feel much better. Something hits you!
Ouch! That really hurt!
Something burns you.
You feel very mighty all of a sudden.
You miss something. Something completely misses you.
You closely miss something. Something hits you.
* * * LOW HITPOINT WARNING * * *
Something burns you.
* * * LOW HITPOINT WARNING * * *
Unknown command.
You feel much better.
You hear some strange, mumbled words.
A puff of flame appears from out of thin air!
The puff of flame hits you!
You closely miss something.
You hear some strange, mumbled words.
A puff of flame appears from out of thin air!
The puff of flame hits you! Something hits you.
* * * LOW HITPOINT WARNING * * *
Something burns you.
* * * LOW HITPOINT WARNING * * *
You miss something. Something hits you!
You die...

###.# #..## ##..#
#.# #.#.###...# #.#
#......#..# #.#
#.#.####... #.#
#.#.# ##.# #.#
#[#.# #.#
##)#######.#.# #.#
#...{=.....#.. ...
#..@..#### ... .#
#...........(...###
######.....#####
#.(...# #######


There were no monsters in sight!

Vanquished Creatures
  An orc (D:2)
  A ball python (D:2)
  A bat (D:1)
  2 endoplasms (D:1)
  A giant cockroach (D:2)
  2 hobgoblins (D:1)
  4 jackals (D:1)
  2 quokkas
  2 frilled lizards (D:1)
  A kobold (D:2)
  4 rats
21 creatures vanquished.

Notes
Turn   | Place    | Note
-------+----------+-------------------------------------------
     0 | D:1      | Icepheonix32 the Demonspawn Fighter began the quest for the
                  | Orb.
     0 | D:1      | Reached XP level 1. HP: 18/18 MP: 1/1
    10 | D:1      | You fall into a shaft and drop 1 floor!
   467 | D:1      | Gained mutation: You regenerate a little health from kills.
                  | [demonic ancestry]
   467 | D:1      | Reached XP level 2. HP: 24/24 MP: 2/2
   951 | D:1      | Found a faded altar of an unknown god.
  1365 | D:2      | Noticed Sigmund
  1372 | D:2      | HP: 1/24 [something (1)]
  1375 | D:2      | Slain by Sigmund

Illustrated notes

Levels and vault maps discovered:
D:1:      dpeg_arrival_circle_labyrinth_c, layout_loops_ring,
          chequers_ecumenical_altar_simple
D:2:      layout_loops_ring, uniq_crazy_yiuf_cottage, uniq_sigmund

Skill      XL: |  1  2 |
---------------+-------+-----
Long Blades    | 2 |  2.0
Shields        | 3 |  3.0
Armour         | 3 |  3.0
Fighting       | |  3.3
Dodging        | |  0.2

Action                   || total
-------------------------++-------
Melee: Long sword        ||    68
  Use: Potion            ||     3
Armor: Scale mail        ||    30
Dodge: Dodged            ||    23
Block: Buckler           ||     7
       Kite shield       ||     4
